 Dungeon Crawl Stone Soup version 0.31.0-11-ge490571c62 (webtiles) character file.

Game seed: 5898956896029097047

2 monsoonserge the Sneak (level 1, -2/11 HPs)
             Began as a Spriggan Delver on Jan 30, 2024.
             Slain by a gnoll
             ... wielding a +0 spear
              (3 damage)
             ... on level 6 of the Dungeon.
             The game lasted 00:00:26 (50 turns).

monsoonserge the Sneak (Spriggan Delver)              Turns: 50, Time: 00:00:27

Health: -2/11      AC:  2    Str:  8    XL:     1   Next: 25%
Magic:  2/2        EV: 17    Int: 11    God:
Gold:   0          SH:  0    Dex: 16    Spells: 0/0 levels left

rFire   . . .        a - +0 short sword
rCold   . . .        (no shield)
rNeg    . . .        b - +0 robe
rPois   .            (helmet restricted)
rElec   .            (no cloak)
rCorr   .            (gloves unavailable)
SInv    +            (boots unavailable)
Will    .....        (no amulet)
Stlth   ++++         (no ring)
HPRegen 0.21/turn    (no ring)
MPRegen 0.08/turn

%: no passive effects
@: very quick
A: very small, no large weapons, unfitting armour, see invisible, speed 3
a: no special abilities


You were on level 6 of the Dungeon.
You visited 1 branch of the dungeon, and saw 2 of its levels.

Inventory:

Hand Weapons
 a - a +0 short sword (weapon)
Armour
 b - a +0 robe (worn)
Jewellery
 h - a +6 ring of strength
Wands
 g - a wand of digging (3)
Scrolls
 c - a scroll of fog
 d - a scroll of revelation
 e - a scroll of fear
Potions
 f - a potion of haste


   Skills:
 + Level 2.4 Fighting
 + Level 2.2 Short Blades
 + Level 2.7 Dodging
 + Level 7.3 Stealth


You couldn't memorise any spells.
You didn't know any spells.
Your spell library was empty.

Dungeon Overview and Level Annotations

Branches:
Dungeon (6/15)
 Temple: D:4-7

Altars:


Innate Abilities, Weirdness & Mutations

You are very small and have problems with some larger weapons.
You are too small for most types of armour.
You have supernaturally acute eyesight. (SInv)
You cover ground extremely quickly. (Speed+++)


Message History

The hound misses you.
You see here a +6 ring of strength.
h - a +6 ring of strength The hound bites you but does no damage.
The hound closely misses you. The hound attacks as it pursues you!
The hound misses you. The hound attacks as it pursues you!
The hound completely misses you.
Found a scroll of fog.
A hound comes into view.
Found an escape hatch in the floor.
An ogre comes into view. It is wielding a +0 giant spiked club.
Found a book of Spatial Translocations.
The ogre shouts!
Found 13 gold pieces.
Press: ? - help, v - describe, . - travel, g - get item Item here: a book of Spatial Translocations.
The floor.
There is an escape hatch in the floor here.
The hound bites you. The ogre closely misses you.
The hound bites you but does no damage.
You slide downwards.
The hatch slams shut behind you.
You hear the hiss of flowing sand.
There is an entrance to an ossuary on this level.
Hurry and find it before the portal is buried!
An ogre comes into view. It is wielding a +0 giant spiked club.
Found a glowing clear potion.
Found a stone staircase leading down.
The ogre shouts!
You hear a shout!
A gnoll comes into view.
It is wielding a +0 halberd. 2 gnolls come into view.
A gnoll is wielding a +0 spear and quivering a throwing net.
Found a scroll labelled NUYSER EPUHE.
A gnoll comes into view. It is wielding a +0 flail.
The gnoll shouts! x3
The gnoll completely misses you. The gnoll misses you.
You see here a glowing clear potion.
The gnoll hits you from afar with a +0 halberd.
Ouch! That really hurt!
* * * LOW HITPOINT WARNING * * *
The gnoll hits you from afar with a +0 spear.
You die...

#........#
#....O.O.# #
########.###.#
#.O...#
########.####
.?.......#
#####.gh##
..gg.g.!#
#####..@#
#...># #.####
#. . ##


You could see an ogre, a hound and 4 gnolls.

Vanquished Creatures
  An orc (D:5)
1 creature vanquished.

Notes
Turn   | Place    | Note
-------+----------+-------------------------------------------
     0 | D:5      | monsoonserge the Spriggan Delver began the quest for the
                  | Orb.
     0 | D:5      | Reached XP level 1. HP: 11/11 MP: 2/2
     3 | D:5      | Noticed a hound
     4 | D:5      | Noticed a jelly
    24 | D:5      | Noticed a hound
    32 | D:5      | Noticed an ogre
    44 | D:6      | Noticed an ogre
    50 | D:6      | Slain by a gnoll

Illustrated notes

Levels and vault maps discovered:
D:5:      layout_basic, kennysheep_path_1, serial_library_hellmonk_h_bend,
          guppyfry_shop_venom, uniq_blork_the_orc
D:6:      layout_rooms, enter_ossuary_3, nrook_mini_backslash,
          lemuel_flamethrower_2, uniq_maggie, uniq_crazy_yiuf_cottage

Action                     || total
---------------------------++-------
  Melee: Short sword       ||     1
   Stab: Sleeping          ||     1
 Armour: Robe              ||     5
  Dodge: Dodged            ||     7
